[ AOE2 MATCH · #505493770 ]
UnrankedBohemians vs Khitans
Player's team · WIN
Rival team · LOSS
[ REPLAY ANALYSIS · EXTRACTED FROM THE RECORDED GAME ]
Feudal
—
Castle
—
Imperial
—
| APM avg | 42.6 |
| APM peak | 102 |
| eAPM avg | 21.4 |
| Villagers / military | 26 / 0 |
Focus
⚔️ 33.9% · 🌾 66.1%
Feudal
8:55
Castle
—
Imperial
—
| APM avg | 77.6 |
| APM peak | 118 |
| eAPM avg | 42.9 |
| Villagers / military | 19 / 3 |
Focus
⚔️ 60.0% · 🌾 40.0%
Militia ×3
Match map
Initial resources + every placement click. Lines = walls · curves = elevation contours. ◆ gold · ⬟ stone · ● berries · ✦ relic · ◌ wall gap
Your base· Open — unwalled flank
streetpete's base· Open — unwalled flank
Smoothed initial terrain · ◌ = detected wall gap · hover for details
Inputs per minute
— MatzeAoE - - streetpete
Build order — MatzeAoE
37 actions detected in the replay
| 0:01 | Create | Villager (Male) |
| 0:01 | Create | Villager (Male) |
| 0:02 | Build | House |
| 0:04 | Build | House |
| 0:06 | Build | House |
| 0:21 | Create | Villager (Male) |
| 0:26 | Create | Villager (Male) |
| 1:17 | Create | Villager (Male) |
| 1:42 | Create | Villager (Male) |
| 2:20 | Create | Villager (Male) |
| 2:27 | Build | Lumber Camp |
| 2:59 | Create | Villager (Male) |
| 2:59 | Create | Villager (Male) |
| 3:10 | Create | Villager (Male) |
| 3:32 | Create | Villager (Male) |
| 3:45 | Build | House |
| 4:21 | Create | Villager (Male) |
| 4:25 | Create | Villager (Male) |
| 5:01 | Create | Villager (Male) |
| 5:24 | Create | Villager (Male) |
| 5:25 | Create | Villager (Male) |
| 6:19 | Create | Villager (Male) |
| 6:48 | Research | Loom |
| 6:51 | Build | House |
| 7:05 | Create | Villager (Male) |
| 7:05 | Create | Villager (Male) |
| 7:15 | Create | Villager (Male) |
| 7:18 | Create | Villager (Male) |
| 7:22 | Create | Villager (Male) |
| 7:32 | Create | Villager (Male) |
| 7:39 | Build | Palisade Gate |
| 7:45 | Build | House |
| 7:51 | Build | House |
| 8:31 | Create | Villager (Male) |
| 9:36 | Build | Town Center |
| 10:17 | Create | Villager (Male) |
| 10:17 | Create | Villager (Male) |
Build order — streetpete
34 actions detected in the replay
| 0:00 | Create | Villager (Male) |
| 0:00 | Create | Villager (Male) |
| 0:02 | Build | House |
| 0:03 | Build | House |
| 0:17 | Create | Villager (Male) |
| 0:17 | Create | Villager (Male) |
| 1:26 | Create | Villager (Male) |
| 1:59 | Create | Villager (Male) |
| 1:59 | Create | Villager (Male) |
| 2:02 | Build | Lumber Camp |
| 2:52 | Create | Villager (Male) |
| 2:53 | Create | Villager (Male) |
| 3:27 | Create | Villager (Male) |
| 3:34 | Build | House |
| 3:40 | Build | House |
| 3:56 | Create | Villager (Male) |
| 4:01 | Create | Villager (Male) |
| 4:44 | Create | Villager (Male) |
| 4:44 | Create | Villager (Male) |
| 4:45 | Create | Villager (Male) |
| 5:58 | Build | Mill |
| 6:02 | Research | Loom |
| 6:45 | Research | Feudal Age |
| 7:27 | Build | Barracks |
| 7:43 | Build | Palisade Wall |
| 8:55 | Age | Feudal Age |
| 9:00 | Create | Militia |
| 9:00 | Create | Militia |
| 9:00 | Create | Militia |
| 10:25 | Build | Lumber Camp |
| 10:35 | Create | Villager (Male) |
| 10:48 | Create | Villager (Male) |
| 10:49 | Create | Villager (Male) |
| 12:12 | Create | Villager (Male) |
Match timeline
| 7:27 | streetpete · first_building Barracks |
| 7:43 | streetpete · wall_segment Palisade Wall x1 |
| 8:55 | streetpete · age_up feudal |
| 16:31 | streetpete · resign |
[ AI ANALYSIS · 1 CREDIT ]
What really happened in this match?
Wolo.gg analyzes every decision: build order, eco, micro, common mistakes by bracket. Personalized analysis on WhatsApp or Discord in 30 seconds.
Civ guide
Bohemians
Perfil
Jugador #25940851